 Dungeon Crawl Stone Soup version 0.20.1-1-g8b1a95d (webtiles) character file.

7507 lemmily0 the Basher (level 10, -1/121 HPs)
             Began as a Minotaur Berserker on Nov 10, 2017.
             Was a High Priest of Trog.
             Killed from afar by a necromancer (32 damage)
             ... with a bolt of fire
             ... on level 2 of the Lair of Beasts on Nov 19, 2017.
             The game lasted 00:50:40 (9756 turns).

lemmily0 the Basher (Minotaur Berserker)            Turns: 9756, Time: 00:50:40

Health: -1/121     AC: 19    Str: 26    XL:     10   Next: 95%
Magic:  7/7        EV:  9    Int:  6    God:    Trog [*****.]
Gold:   414        SH:  0    Dex: 14    Spells: 9/9 levels left

rFire    . . .     SeeInvis .   a - +0 mace
rCold    . . .     Gourm    .   (no shield)
rNeg     . . .     Faith    .   m - +0 plate armour
rPois    .         Spirit   .   (helmet restricted)
rElec    .         Reflect  .   E - +0 cloak
rCorr    .         Harm     .   H - +2 pair of gloves
MR       .....                  (no boots)
Stlth    ..........             (no amulet)
Regen    0.3/turn               (no ring)
MPRegen  0.1/turn               (no ring)

@: berserking, very quick
A: retaliatory headbutt, horns 2, clever 1, frail 1, low mp 2
a: Berserk, Trog's Hand, Brothers in Arms, Burn Spellbooks, Renounce Religion


You were on level 2 of the Lair of Beasts.
You worshipped Trog.
Trog was extremely pleased with you.
You were very hungry.

You visited 3 branches of the dungeon, and saw 11 of its levels.

You collected 414 gold pieces.

Inventory:

Hand Weapons
 a - a +0 mace (weapon)
 n - a +2 halberd of freezing
 t - a +0 whip
 K - a +0 shortbow
 X - a +1 whip of electrocution
 Y - a +0 trident
Missiles
 L - 27 arrows
Armour
 b - a +0 animal skin
 m - a +0 plate armour (worn)
 z - a +1 pair of gloves
 E - a +0 cloak (worn)
 H - a +2 pair of gloves (worn)
 R - a +3 leather armour
Jewellery
 C - an uncursed amulet of magic regeneration {unknown}
 V - a +3 ring of protection {unknown}
 Z - an uncursed ring of see invisible {unknown}
Wands
 d - a wand of disintegration (2/24)
 r - a wand of flame (20/48)
 y - a wand of paralysis (11/24)
 J - a wand of flame (14/48)
 P - a wand of acid (5/15)
 U - a wand of iceblast (8/15)
Scrolls
 e - 4 scrolls of teleportation {unknown}
 f - 4 scrolls of recharging {unknown}
 g - 5 scrolls of identify
 h - a scroll of enchant weapon {unknown}
 o - 6 scrolls of remove curse
 p - 2 scrolls of fog {unknown}
 u - 3 scrolls of random uselessness {unknown}
 v - 2 scrolls of fear {unknown}
 w - a scroll of blinking {unknown}
 x - 3 scrolls of enchant armour {unknown}
 M - a scroll of magic mapping {unknown}
 N - 2 scrolls of amnesia {unknown}
 Q - a scroll of noise {unknown}
 T - a scroll of silence {unknown}
 W - 2 scrolls of vulnerability {unknown}
Potions
 c - 3 potions of curing {unknown}
 j - 2 potions of might {unknown}
 s - a potion of lignification
 A - a potion of mutation
 B - a potion of flight
 F - a potion of brilliance {unknown}
 I - a potion of degeneration {unknown}
 O - a potion of magic {unknown}
Miscellaneous
 k - a lamp of fire
Comestibles
 i - a meat ration
 l - a royal jelly
 q - 8 fruits
 S - 6 bread rations


   Skills:
 + Level 9.1 Fighting
 + Level 14.6 Maces & Flails
 + Level 10.5 Armour
 + Level 3.0 Dodging
 + Level 1.0 Evocations


You had 9 spell levels left.
You didn't know any spells.

Dungeon Overview and Level Annotations

Branches:
Dungeon (8/15)             Temple (1/1) D:6            Lair (2/6) D:8
  Swamp: Lair:2-4    Shoals: Lair:2-4     Snake: Lair:2-4    Spider: Lair:2-4

Altars:
Ashenzari
Cheibriados
Dithmenos
Elyvilon
Fedhas
Gozag
Hepliaklqana
Kikubaaqudgha
Makhleb
Nemelex Xobeh
Okawaru
Qazlal
Ru
Sif Muna
Trog
Uskayaw
Vehumet
Xom
The Shining One

Annotations:
D:6 exclusion: oklob plant


Innate Abilities, Weirdness & Mutations

You reflexively headbutt those who attack you in melee.
You have a pair of horns on your head.
Your mind is acute. (Int +2)
You are frail. (-10% HP)
Your magical capacity is very low. (-20% MP)


Message History

Your plate armour prevents you from hitting something.
Your headbutt misses something.
You hear some strange, mumbled words.
Your body is wracked with pain!
* * * LOW HITPOINT WARNING * * *
Okay, then.
You closely miss something. Your headbutt misses something. You sock something!
Something hits you but does no damage.
A red film seems to cover your vision as you go berserk!
You feel yourself moving faster!
You feel mighty!
You are feeling very hungry.
You hear some strange, mumbled words.
A bolt of fire appears from out of thin air!
The bolt of fire hits you!
* * * LOW HITPOINT WARNING * * *
You miss something. You headbutt something!
You hear some strange, mumbled words.
A bolt of fire appears from out of thin air!
The bolt of fire hits you!
You die...

. .# ## .. .# !
...#.. .###
...... ...#
....#.#####....#
# #......#....#.#
#.P⌠P.§{...#.#
#....{######.#
#.....@......#
#............##
##..........#.##
##............#
.##.......<...#
............#..#
(.#........##...+
..+........# ###
#.........#


There were no monsters in sight!

Vanquished Creatures
  A hydra (Lair:1)
  A spiny frog (Lair:1)
  A rime drake (Lair:1)
  A komodo dragon (D:8)
  Prince Ribbit (D:6)
  A hippogriff (Lair:1)
  A wyvern (D:8)
  6 yaks
  2 water moccasins (Lair:1)
  8 porcupines
  An orc warrior (D:7)
  An ice beast (D:8)
  A hornet zombie (D:7)
  A black bear (D:8)
  A phantom (D:4)
  A sky beast (D:6)
  9 ogres
  3 crocodiles (Lair:1)
  2 centaurs
  5 bullfrogs
  A water moccasin zombie (D:5)
  4 scorpions
  5 killer bees (D:8)
  2 howler monkeys
  A crimson imp (D:8)
  A centaur zombie (D:8)
  2 jellies
  A quasit (D:5)
  A bullfrog skeleton (D:5)
  2 hounds
  6 orc priests
  4 orc wizards
  4 worker ants
  Ijyb (D:5)
  A yak simulacrum (Lair:2)
  A polar bear simulacrum (Lair:2)
  13 gnolls
  14 adders
  2 shadow imps
  An adder skeleton (D:6)
  3 worms
  4 dart slugs
  5 leopard geckos
  22 orcs
  A ball python (D:3)
  7 giant cockroaches
  8 goblins
  7 hobgoblins
  7 jackals
  3 quokkas
  11 bats
  7 frilled lizards
  A jackal skeleton (D:8)
  5 kobolds
  A leopard gecko skeleton (D:8)
  2 quokka skeletons
  A quokka zombie (D:5)
  10 rats
220 creatures vanquished.

Vanquished Creatures (others)
  5 fungi (D:8)
5 creatures vanquished.

Grand Total: 225 creatures vanquished

Notes
Turn   | Place    | Note
-------+----------+-------------------------------------------
     0 | D:1      | lemmily0 the Minotaur Berserker began the quest for the Orb.
     0 | D:1      | Reached XP level 1. HP: 19/19 MP: 0/0
   129 | D:1      | Reached XP level 2. HP: 27/27 MP: 1/1
   170 | D:1      | Reached skill level 4 in Maces & Flails
   313 | D:1      | Reached XP level 3. HP: 29/33 MP: 2/2
   459 | D:2      | Found a faded altar of an unknown god.
   545 | D:2      | Reached skill level 5 in Maces & Flails
   944 | D:2      | Reached ** piety under Trog
   965 | D:2      | Reached XP level 4. HP: 24/40 MP: 3/3
   976 | D:2      | HP: 3/60 [gnoll/spear (6)]
  1268 | D:2      | Reached skill level 6 in Maces & Flails
  1325 | D:2      | Found a hide-covered altar of Uskayaw.
  1361 | D:2      | Found an ancient bone altar of Kikubaaqudgha.
  1514 | D:2      | Reached XP level 5. HP: 37/46 MP: 4/4
  1862 | D:3      | Reached skill level 7 in Maces & Flails
  2281 | D:3      | Reached XP level 6. HP: 52/52 MP: 5/5
  2834 | D:4      | Reached *** piety under Trog
  2841 | D:4      | Reached skill level 8 in Maces & Flails
  3317 | D:4      | Reached skill level 9 in Maces & Flails
  3317 | D:4      | Reached XP level 7. HP: 58/58 MP: 6/6
  3604 | D:5      | Entered Level 5 of the Dungeon
  3627 | D:5      | Reached skill level 10 in Maces & Flails
  3843 | D:5      | Noticed Ijyb
  3863 | D:5      | HP: 2/87 [disintegration (19)]
  3866 | D:5      | Gained mutation: You are frail. (-10% HP) [potion of mutation]
  3866 | D:5      | Gained mutation: Your magical capacity is low. (-10% MP) [potion of mutation]
  3866 | D:5      | Gained mutation: Your magical capacity is very low. (-20% MP) [potion of mutation]
  3866 | D:5      | Gained mutation: Your mind is acute. (Int +2) [potion of mutation]
  3870 | D:5      | Killed Ijyb
  3875 | D:5      | Reached XP level 8. HP: 22/59 MP: 5/5
  4192 | D:5      | Reached skill level 11 in Maces & Flails
  4735 | D:6      | Noticed Prince Ribbit
  4741 | D:6      | Killed Prince Ribbit
  4741 | D:6      | Reached skill level 5 in Armour
  4762 | D:6      | Reached skill level 12 in Maces & Flails
  4916 | D:6      | Reached **** piety under Trog
  4996 | D:6      | Found a staircase to the Ecumenical Temple.
  5006 | Temple   | Entered the Ecumenical Temple
  5468 | D:6      | Found a blossoming altar of Fedhas.
  5493 | D:6      | Noticed an oklob plant
  5723 | D:7      | Reached skill level 5 in Fighting
  5723 | D:7      | Reached XP level 9. HP: 63/66 MP: 6/6
  6793 | D:7      | Reached skill level 13 in Maces & Flails
  7104 | D:8      | Found a staircase to the Lair.
  7116 | Lair:1   | Entered Level 1 of the Lair of Beasts
  7126 | Lair:1   | Noticed a komodo dragon
  7688 | D:8      | Reached XP level 10. HP: 42/77 MP: 7/7
  7693 | D:8      | Reached ***** piety under Trog
  8215 | D:8      | Reached skill level 14 in Maces & Flails
  8461 | Lair:1   | Noticed a four-headed hydra
  8477 | Lair:1   | Killed a four-headed hydra
  8674 | Lair:1   | Reached skill level 10 in Armour
  8674 | Lair:1   | Reached skill level 1 in Evocations
  9146 | Lair:1   | Noticed a spiny frog
  9158 | Lair:1   | Killed a spiny frog
  9727 | Lair:2   | Noticed a necromancer
  9756 | Lair:2   | Killed from afar by a necromancer

Skill      XL: |  1  2  3  4  5  6  7  8  9 10 |
---------------+-------------------------------+-----
Maces & Flails | 4 5 6 7 9 10 12 13 14 | 14.6
Armour         | 3 4 6 8 10 | 10.5
Fighting       | 5 7 9 |  9.1
Evocations     | 1 |  1.0
Dodging        | 3 |  3.0

Action                   |  1- 3 |  4- 6 |  7- 9 | 10-12 || total
-------------------------+-------+-------+-------+-------++-------
Melee: Mace              |    68 |   145 |   380 |   169 ||   762
       Headbutt          |    15 |    29 |    77 |    40 ||   161
       Whip              |       |     3 |       |       ||     3
Invok: Berserk           |       |     1 |     1 |     4 ||     6
       Burn Spellbooks   |       |       |     2 |       ||     2
Evoke: Wand              |       |       |     2 |     2 ||     4
  Use: Potion            |       |       |     6 |       ||     6
       Scroll            |       |       |       |     2 ||     2
 Stab: Sleeping          |     1 |       |       |       ||     1
  Eat: Bread ration      |       |     1 |     1 |       ||     2
       Chunk             |       |     2 |       |     1 ||     3
       Meat ration       |       |     1 |     2 |     1 ||     4
Armor: Animal skin       |    16 |       |       |       ||    16
       Plate armour      |    18 |   101 |   235 |    71 ||   425
       Skin              |       |       |     7 |       ||     7
Dodge: Dodged            |    61 |    67 |   126 |    40 ||   294
